 Dungeon Crawl Stone Soup version 0.28-a0-1389-gc726bef33b (webtiles) character file.

Game seed: 4000828615713754141

779 GainsdalftheGwei the Skirmisher (level 7, -1/53 HPs)
             Began as a Demonspawn Gladiator on Jan 3, 2022.
             Was an Initiate of Okawaru.
             Slain by a worm (8 damage)
             ... on level 5 of the Dungeon.
             The game lasted 00:06:33 (5078 turns).

GainsdalftheGwei the Skirmisher (DsGl)              Turns: 5078, Time: 00:06:33

Health: -1/53      AC: 10    Str: 19 (21) XL:     7   Next: 54%
Magic:  7/7        EV:  8    Int:  6 (9)  God:    Okawaru [......]
Gold:   208        SH:  4    Dex: 11 (14) Spells: 6/6 levels left

rFire   . . .      SeeInvis .   a - +10 dagger of Wu Jian's Esteem {vorpal, rElec rPois Str+4}
rCold   . . .      Faith    .   (no shield)
rNeg    . . .      Spirit   .   o - +0 chain mail
rPois   +          Reflect  .   (helmet restricted)
rElec   +          Harm     .   (no cloak)
rCorr   +          Rampage  .   (no gloves)
Will    .....                   c - +0 pair of boots
Stlth   ..........              (no amulet)
HPRegen 0.17/turn               p - ring of resist corrosion
MPRegen 0.10/turn               (no ring)

@: no status effects
A: horns 1, (demonic guardian 2), condensation shield, weakness stinger 1
a: Renounce Religion


You were on level 5 of the Dungeon.
You worshipped Okawaru.
Okawaru was noncommittal.
You visited 2 branches of the dungeon, and saw 6 of its levels.

You collected 208 gold pieces.

Inventory:

Hand Weapons
 a - the +10 dagger of Wu Jian's Esteem (weapon) {vorpal, rElec rPois Str+4}
   (You found it on level 4 of the Dungeon)

   It inflicts extra damage upon your enemies.
   Str:       It affects your strength (+4).
   rElec:     It insulates you from electricity.
   rPois:     It protects you from poison.
 f - a +3 short sword of freezing
 k - a +2 whip of draining
 s - a +0 long sword
 u - a +0 hand axe of venom
Missiles
 d - 3 throwing nets (quivered)
Armour
 c - a +0 pair of boots (worn)
 o - a +0 chain mail (worn)
Jewellery
 p - a ring of resist corrosion (left hand)
Wands
 v - a wand of flame (10)
Scrolls
 g - 7 scrolls of identify
 h - a scroll of amnesia {unknown}
 i - a scroll of summoning {unknown}
 j - 2 scrolls of silence
 l - a scroll of enchant armour {unknown}
 n - a scroll of enchant weapon {unknown}
 r - 2 scrolls of teleportation {unknown}
 w - a scroll of magic mapping {unknown}
Potions
 b - a potion of flight {unknown}
 e - 3 potions of degeneration
 m - a potion of heal wounds
 q - a potion of resistance {unknown}
 t - a potion of ambrosia {unknown}


   Skills:
 + Level 3.9 Fighting
 + Level 3.1(3.9) Short Blades
 + Level 3.4(4.0) Long Blades
 + Level 2.0 Axes
 + Level 2.1 Throwing
 + Level 3.8 Armour
 + Level 3.7 Dodging
 + Level 1.0 Stealth
 + Level 0.5 Shields


You had 6 spell levels left.
You didn't know any spells.
Your spell library contained the following spells:

 Spells                   Type           Power      Damage    Failure   Level
 Slow                     Hex            0%         N/A       99%         1
 Confusing Touch          Hex            0%         N/A       100%        3
 Vampiric Draining        Necr           0%         2d6       100%        3


Dungeon Overview and Level Annotations

Branches:
Dungeon (5/15)             Temple (1/1) D:4

Altars:
Ashenzari
Cheibriados
Elyvilon
Fedhas
Hepliaklqana
Kikubaaqudgha
Makhleb
Nemelex Xobeh
Okawaru
Qazlal
Ru
Sif Muna
Trog
Vehumet
Wu Jian
Xom
Yredelemnul
Zin
The Shining One

Shops:
D:3 (

Annotations:
D:5 Sigmund


Innate Abilities, Weirdness & Mutations

You have a pair of small horns on your head.
((A demonic guardian rushes to your aid.))
A meltable shield of frost defends you. (SH +4)
You have a small tail.


Message History

You hit the two-headed ogre but do no damage.
You tail-slap the two-headed ogre.
The two-headed ogre is moderately wounded.
The adder barely misses you. The two-headed ogre misses you.
The two-headed ogre hits you with a +0 giant spiked club.
You puncture the two-headed ogre!
The two-headed ogre is heavily wounded.
The adder bites you.
You hit the two-headed ogre. You headbutt the two-headed ogre.
The two-headed ogre is severely wounded.
You block the two-headed ogre's attack. The two-headed ogre closely misses you.
The adder barely misses you.
You hit the two-headed ogre.
The two-headed ogre is severely wounded.
The adder barely misses you.
The two-headed ogre hits you with a +0 giant club!!
The two-headed ogre hits you with a +0 giant spiked club!
* * * LOW HITPOINT WARNING * * *
You hear a shout!
Sigmund the Dreaded comes into view.
He is wielding a +0 scythe.
The adder barely misses you.
Found a scroll labelled KEORICL UNATEA.
The worm bites you but does no damage. The adder bites you.
* * * LOW HITPOINT WARNING * * *
It was a potion of degeneration.
There was something very wrong with that liquid.
You feel weakened.
You feel dopey.
You feel clumsy. The adder bites you but does no damage.
Unknown command.
It was a potion of heal wounds.
You feel much better. The adder barely misses you.
The two-headed ogre closely misses you.
The two-headed ogre hits you with a +0 giant spiked club!
* * * LOW HITPOINT WARNING * * *
The adder bites you.
* * * LOW HITPOINT WARNING * * *
As you read the scroll labelled EDOTZA METZ, it crumbles to dust.
It is a scroll of identify.
j - 2 scrolls of silence The adder bites you but does no damage.
The worm bites you!
You die...

###### #.[..##.#
../.#.##...@...
.....:......#
............#
#.......<.#......
#........## #.###
...#...#### .#
..........O##
.........@S@#
..........w##
..........?#
.......#####
....... ...####
..


You could see a two-headed ogre, Sigmund, a worm and an adder.

Vanquished Creatures
  Pargi (D:4)
  An ogre (D:4)
  3 scorpions
  2 iguanas (D:4)
  A hound skeleton (D:4)
  3 gnolls (D:4)
  5 adders
  An adder skeleton (D:4)
  A worm (D:2)
  A dart slug (D:2)
  6 orcs
  3 ball pythons
  5 endoplasms
  7 giant cockroaches
  10 goblins
  5 hobgoblins
  6 kobolds
  4 quokkas
  2 bats
  2 frilled lizards
  6 rats
75 creatures vanquished.

Vanquished Creatures (collateral kills)
  Edmund (D:4)
  A phantom (D:4)
  A gnoll (D:4)
  An endoplasm (D:2)
4 creatures vanquished.

Vanquished Creatures (others)
  A plant (D:3)
1 creature vanquished.

Grand Total: 80 creatures vanquished

Notes
Turn   | Place    | Note
-------+----------+-------------------------------------------
     0 | D:1      | GainsdalftheGwei the Demonspawn Gladiator began the quest
                  | for the Orb.
     0 | D:1      | Reached XP level 1. HP: 16/16 MP: 1/1
   135 | D:1      | Discovered your monstrous ancestry.
   135 | D:1      | Gained mutation: You have a small tail. [demonic ancestry]
   135 | D:1      | Reached XP level 2. HP: 20/22 MP: 2/2
  1045 | D:2      | Gained mutation: A weak demonic guardian rushes to your
                  | aid. [demonic ancestry]
  1045 | D:2      | Reached XP level 3. HP: 24/27 MP: 3/3
  1489 | D:2      | Reached skill level 1 in Short Blades
  1489 | D:2      | Gained mutation: You have a pair of small horns on your
                  | head. [demonic ancestry]
  1489 | D:2      | Reached XP level 4. HP: 32/34 MP: 4/4
  1810 | D:2      | Reached skill level 1 in Armour
  2143 | D:3      | Noticed a scorpion
  2150 | D:3      | Killed a scorpion
  2151 | D:3      | Gained mutation: A demonic guardian rushes to your aid.
                  | [demonic ancestry]
  2151 | D:3      | Reached XP level 5. HP: 29/39 MP: 5/5
  2744 | D:3      | Found Ifuyquag's Weapon Emporium.
  3152 | D:3      | Found a faded altar of an unknown god.
  3259 | D:4      | Noticed a phantom
  3272 | D:4      | Killed a phantom
  3273 | D:4      | Gained mutation: A meltable shield of frost defends you.
                  | (SH +4) [demonic ancestry]
  3273 | D:4      | Reached XP level 6. HP: 23/47 MP: 6/6
  3456 | D:4      | Identified the +10 dagger of Wu Jian's Esteem {vorpal,
                  | rElec rPois Str+4}
  3504 | D:4      | Reached skill level 1 in Axes
  3843 | D:4      | Noticed Pargi
  3853 | D:4      | Killed Pargi
  3854 | D:4      | Reached XP level 7. HP: 47/53 MP: 7/7
  3934 | D:4      | Noticed Edmund
  3966 | D:4      | Killed Edmund
  4285 | D:4      | Reached skill level 1 in Stealth
  4342 | D:4      | Found a staircase to the Ecumenical Temple.
  4363 | Temple   | Entered the Ecumenical Temple
  4418 | Temple   | Became a worshipper of Warmaster Okawaru
  5061 | D:5      | Entered Level 5 of the Dungeon
  5061 | D:5      | Noticed a two-headed ogre
  5068 | D:5      | HP: 2/53 [two-headed ogre (17)]
  5069 | D:5      | Noticed Sigmund
  5074 | D:5      | HP: 2/53 [adder (1)]
  5078 | D:5      | Slain by a worm

Illustrated notes

Levels and vault maps discovered:
D:1:      dpeg_arrival_pits, layout_loops_cross
D:2:      layout_basic
D:3:      layout_basic, shapermc_ecumenical_altar_mp_ritualfount, serial_shops,
          nicolae_shop_bloodbath_and_beyond, minmay_pentomino_pile
D:4:      layout_cave_pods, temple_fountains, serial_glass, glass_columns_a,
          glass_columns_a, uniq_pargi, uniq_edmund
D:5:      layout_rooms, general_overflow_altar, serial_curves, eino_curves_03,
          eino_curves_01, ebering_ghost_disaster_area, serial_park_tiny_1,
          uniq_blork_the_orc, uniq_sigmund
Temple:   mainiacjoe_temple_bowtie_tessellation

Skill      XL: |  1  2  3  4  5  6  7 |
---------------+----------------------+-----
Throwing       | 2 |  2.1
Long Blades    | 3 |  3.4
Dodging        | 3 |  3.7
Short Blades   | 1 2 3 |  3.1
Armour         | 1 2 3 |  3.8
Fighting       | 3 |  3.9
Axes           | 1 2 |  2.0
Stealth        | 1 |  1.0
Shields        | |  0.5

Action                   |  1- 3 |  4- 6 |  7- 9 || total
-------------------------+-------+-------+-------++-------
Melee: Long sword        |    17 |       |       ||    17
       Short sword       |    50 |    60 |       ||   110
       Tailslap          |     3 |     9 |     4 ||    16
       Headbutt          |       |    17 |     9 ||    26
       Hand axe          |       |    18 |       ||    18
       Dagger            |       |    23 |    35 ||    58
  Use: Potion            |       |       |     2 ||     2
       Scroll            |       |       |     1 ||     1
Armor: Ring mail         |    13 |       |       ||    13
       Scale mail        |     6 |    13 |       ||    19
       Chain mail        |       |    50 |    14 ||    64
Dodge: Dodged            |    48 |    58 |    18 ||   124
Block: Other             |       |     7 |     3 ||    10

Table legend: (Time is in decaauts)
 A = Elapsed time spent in this place.
 B = Non-inter-level travel time spent in this place.
 C = Inter-level travel time spent in this place.
 D = Time resting spent in this place.
 E = Time spent auto-exploring this place.
 F = Levels seen in this place.
 G = Mean time per level.
                   A        B        C        D        E       F      G
               +--------+--------+--------+--------+--------+-----+--------+
         Total |   5074 |   4873 |    201 |      0 |   4165 |   6 |  845.7 |
       Dungeon |   4855 |   4675 |    180 |      0 |   3987 |   5 |  971.0 |
        Temple |    218 |    197 |     21 |      0 |    178 |   1 |  218.0 |
               +--------+--------+--------+--------+--------+-----+--------+

Top non-repeatable levels by time:
     D:4: 1672 daAuts
     D:2: 1318 daAuts
     D:3: 1082 daAuts
     D:1: 766 daAuts
  Temple: 218 daAuts
     D:5: 15 daAuts
